AoeStats
← DeeHambone

Arabia

510409768Analyzed
1v1 RM · 15h ago on Sep 30, 2026· 20m 13s· 2 players
Game mode
Random Map
Map size
Tiny (2 player)
Population
200
Speed
Normal
Resources
Standard
Victory
Conquest
Starting age
Dark Age
Ending age
Imperial Age
RankedLock teamsTeams togetherTeam positionsShared explorationLock speedFull tech treeHidden civsTurbo modeCheats
Victory
Defeat
🇧🇷 Mongols · Brazil
1558
+13
🇺🇸 Portuguese · United States
1490
-13
DeeHambone
8:56 Loom
11:21 Feudal Age
11:53 Double-Bit Axe
11:54 Horse Collar
18:57 Gold Mining
chael
0:48 Loom
9:28 Feudal Age
10:08 Double-Bit Axe
17:59 Fletching
22:10 Castle Age
Connection lost

Rejoining the realm…

Still unreachable

The connection could not be restored.

Session expired

The server has moved on; the page needs a fresh start.